 Dungeon Crawl Stone Soup version 0.31.0-11-ge490571c62 (webtiles) character file.

Game seed: 2539711703001488842

1015 Ijustatesigmund the Cudgeller (level 8, -7/48 HPs)
             Began as a Gargoyle Fighter on Feb 7, 2024.
             Was an Initiate of Vehumet.
             Killed by divine providence
             ... invoked by an orc priest
              (14 damage)
             ... on level 4 of the Dungeon.
             The game lasted 00:08:38 (3989 turns).

Ijustatesigmund the Cudgeller (Gargoyle Fighter)    Turns: 3989, Time: 00:08:38

Health: -7/48      AC: 31    Str: 19    XL:     8   Next: 21%
Magic:  17/17      EV:  5    Int: 12    God:    Vehumet [......]
Gold:   165        SH:  4    Dex:  9    Spells: 6/7 levels left

rFire   . . .        a - +1 flail (protect)
rCold   . . .        c - +0 buckler
rNeg    + . .        b - +0 plate armour
rPois   ∞            C - +2 helmet
rElec   +            t - +0 cloak
rCorr   +            k - +0 pair of gloves
SInv    .            (no boots)
Will    .....        (no amulet) Stlth
                     y - ring of magical power
HPRegen 0.28/turn    A - ring of resist corrosion
MPRegen 0.15/turn

%: no passive effects
@: under a protective aura
A: sickness immunity, AC +5, negative energy resistance 1, electricity
resistance, torment resistance 1, petrification resistance
a: Renounce Religion


You were on level 4 of the Dungeon.
You worshipped Vehumet.
Vehumet was noncommittal.
You visited 2 branches of the dungeon, and saw 7 of its levels.

You collected 165 gold pieces.

Inventory:

Hand Weapons
 a - a +1 flail of protection (weapon)
 u - a +4 quarterstaff of chaos
Armour
 b - a +0 plate armour (worn)
 c - a +0 buckler (worn)
 k - a +0 pair of gloves (worn)
 t - a +0 cloak (worn)
 C - a +2 helmet (worn)
Jewellery
 y - a ring of magical power (left hand)
 A - a ring of resist corrosion (right hand)
Wands
 q - a wand of charming (9)
 B - a wand of roots (4)
Scrolls
 d - a scroll of torment {unknown}
 j - a scroll of fear {unknown}
 l - a scroll of summoning {unknown}
 m - a scroll of blinking {unknown}
 n - a scroll of revelation {unknown}
 p - a scroll of enchant armour {unknown}
 r - a scroll of fog {unknown}
 v - a scroll of acquirement {unknown}
 w - a scroll of enchant weapon {unknown}
 x - 2 scrolls of teleportation
 z - a scroll of poison {unknown}
Potions
 e - a potion of lignification
 f - 2 potions of mutation
 g - a potion of ambrosia
 h - a potion of curing
 i - 2 potions of invisibility {unknown}
 o - 2 potions of heal wounds {unknown}
 s - 2 potions of attraction {unknown}


   Skills:
 + Level 4.1 Fighting
 + Level 7.7 Maces & Flails
 - Level 6.2 Armour
 + Level 3.4 Shields
 + Level 0.4 Conjurations


You had 6 spell levels left.
You knew the following spells:

 Your Spells              Type           Power      Damage    Failure   Level
a - Magic Dart            Conj           4%         1d3       100%        1

Your spell library contained the following spells:

 Spells                   Type           Power      Damage    Failure   Level
 Blink                    Tloc           0%         N/A       100%        2
 Call Imp                 Summ           0%         N/A       100%        2
 Vhi's Electric Charge    Tloc/Air       0%         N/A       100%        4
 Arcjolt                  Conj/Air       0%         1d10      100%        5
 Plasma Beam              Fire/Air       0%         2x1d10    100%        6


Dungeon Overview and Level Annotations

Branches:
Dungeon (6/15)             Temple (1/1) D:4

Altars:
Ashenzari
Cheibriados
Dithmenos
Elyvilon
Gozag
Hepliaklqana
Kikubaaqudgha
Makhleb
Nemelex Xobeh
Okawaru
Qazlal
Ru
Sif Muna
Trog
Vehumet
Wu Jian
Xom
Yredelemnul
Zin
The Shining One

Annotations:
D:6 Dowan, Duvessa


Innate Abilities, Weirdness & Mutations

You are immune to sickness and miasma.
Your stone body is resilient. (AC +5)
You are immune to poison.
You resist negative energy. (rN+)
You are resistant to electric shocks. (rElec)
You are resistant to unholy torment.
You are immune to petrification.


Message History

The cerulean imp is almost dead.
The cerulean imp hits you with a +1 spear.
You hit the cerulean imp.
You kill the cerulean imp!
The cerulean imp disappears in a puff of smoke!
The orc priest looks satisfied for a moment.
Natasha casts a spell.
You hit the gnoll but do no damage.
The cerulean imp disappears in a puff of smoke!
The gnoll hits you but does no damage.
You sock the gnoll!
The gnoll is severely wounded.
The orc priest invokes the aid of Beogh against you.
Beogh smites you!
* * * LOW HITPOINT WARNING * * *
The gnoll hits you but does no damage.
You barely miss the gnoll.
The gnoll is severely wounded.
The gnoll hits you but does no damage.
You barely miss the gnoll.
The gnoll is severely wounded.
The gnoll hits you but does no damage.
You hit the gnoll.
You kill the gnoll!
Vehumet accepts your kill.
The orc priest casts a cantrip, but nothing happens.
You thump Natasha!
You kill Natasha!
Vehumet accepts your kill.
Natasha screams in pain as she dies!
The cerulean imp disappears in a puff of smoke! x2
You block the gnoll's attack.
You closely miss the orc. The gnoll hits you but does no damage.
The orc hits you but does no damage.
You closely miss the orc. The gnoll hits you but does no damage.
You block the orc's attack.
You barely miss the orc.
The orc priest invokes the aid of Beogh against you.
Beogh smites you!
You die...

# .) ... )... ..... ####
......#############..####
.....ooo@..)....#.......#
.....og#######...........
....... ####...###.#
....... #...# #.# .......
#...# #.# ....... #...#
#.# .....^. #>..# #.#
....... ##### #.. ##.


You could see 2 orc priests, a gnoll and 2 orcs.

Vanquished Creatures
  Jeremiah (D:6)
  Sigmund (D:2)
  An ice beast (D:5)
  A kobold brigand (D:3)
  A howler monkey (D:3)
  Crazy Yiuf (D:6)
  Natasha (D:4)
  An orc wizard (D:3)
  5 adders
  12 gnolls
  A white imp (D:3)
  2 ufetubi (D:4)
  3 ribbon worms
  3 dart slugs
  12 orcs
  5 ball pythons
  9 endoplasms
  A giant cockroach (D:1)
  8 goblins
  3 hobgoblins
  A jackal (D:3)
  16 kobolds
  9 quokkas
  5 bats
  3 frilled lizards
  4 rats
110 creatures vanquished.

Notes
Turn   | Place    | Note
-------+----------+-------------------------------------------
     0 | D:1      | Ijustatesigmund the Gargoyle Fighter began the quest for
                  | the Orb.
     0 | D:1      | Reached XP level 1. HP: 14/14 MP: 1/1
   201 | D:1      | Reached XP level 2. HP: 19/19 MP: 2/2
   832 | D:2      | Reached skill level 3 in Maces & Flails
   832 | D:2      | Reached XP level 3. HP: 24/24 MP: 3/3
   866 | D:2      | Found a faded altar of an unknown god.
  1308 | D:2      | Noticed Sigmund
  1314 | D:2      | Killed Sigmund
  1315 | D:2      | Reached skill level 4 in Maces & Flails
  1315 | D:2      | Reached XP level 4. HP: 24/29 MP: 4/4
  1315 | D:2      | Reached XP level 5. HP: 27/33 MP: 5/5
  1391 | D:2      | Reached skill level 5 in Maces & Flails
  1395 | D:2      | Reached XP level 6. HP: 31/38 MP: 6/6
  2454 | D:3      | Reached skill level 6 in Maces & Flails
  2454 | D:3      | Reached skill level 5 in Armour
  2457 | D:3      | Reached XP level 7. HP: 42/42 MP: 7/7
  2592 | D:3      | Found a hazy altar of Hepliaklqana.
  2608 | D:3      | Found a faded altar of an unknown god.
  2732 | D:3      | You fall into a shaft and drop 3 floors!
  2734 | D:6      | Noticed Jeremiah
  2762 | D:6      | Found a runed translucent door.
  2763 | D:6      | Noticed Crazy Yiuf
  2770 | D:6      | Killed Crazy Yiuf
  2799 | D:6      | Killed Jeremiah
  2800 | D:6      | Reached skill level 7 in Maces & Flails
  2893 | D:6      | Noticed Duvessa
  2894 | D:6      | Noticed Dowan
  2904 | D:5      | Entered Level 5 of the Dungeon
  2946 | D:5      | Reached XP level 8. HP: 37/48 MP: 8/8
  3588 | D:4      | Found a staircase to the Ecumenical Temple.
  3596 | Temple   | Entered the Ecumenical Temple
  3614 | Temple   | Became a worshipper of Vehumet
  3832 | D:4      | Learned a level 1 spell: Magic Dart
  3953 | D:4      | Noticed Natasha
  3986 | D:4      | Killed Natasha
  3989 | D:4      | Killed from afar by an orc priest

Illustrated notes

Levels and vault maps discovered:
D:1:      enne_arrival_octagon_isle, layout_basic
D:2:      wad_woods_tower, layout_basic, nicolae_ecumenical_pavilion,
          uniq_sigmund
D:3:      minmay_thinvault, layout_basic, beargit_hepliaklqana_dungeon_heroes,
          kennysheep_boxes
D:4:      layout_basic, minmay_temple_entry_junction, hangedman_glass_teeth,
          uniq_natasha
D:5:      layout_basic, uniq_ijyb
D:6:      layout_rooms, uniq_duvessa, uniq_crazy_yiuf_cottage, uniq_jeremiah,
          uniq_menkaure, uniq_edmund
Temple:   hellmonk_temple_of_storms

Skill      XL: |  1  2  3  4  5  6  7  8 |
---------------+-------------------------+-----
Maces & Flails | 3 4 5 6 7 |  7.7
Armour         | 4 5 6 |  6.2
Fighting       | 4 |  4.1
Shields        | |  3.4
Conjurations   | |  0.4

Action                     |  1- 3 |  4- 6 |  7- 9 || total
---------------------------+-------+-------+-------++-------
  Melee: Flail             |   105 |   129 |   133 ||   367
         Quarterstaff      |       |       |    14 ||    14
    Use: Potion            |     1 |       |     1 ||     2
         Scroll            |       |     2 |     3 ||     5
 Armour: Scale mail        |    38 |       |       ||    38
         Plate armour      |    48 |   122 |   170 ||   340
         Skin              |     1 |       |       ||     1
  Dodge: Dodged            |    32 |    42 |    41 ||   115
  Block: Buckler           |    27 |    24 |    27 ||    78
